 Dungeon Crawl Stone Soup version 0.30.0-10-gfe55d96785 (webtiles) character file.

Game seed: 10747628437068844482

1393 Dadi the Arsonist (level 8, -4/61 HPs)
             Began as a Deep Elf Conjurer on May 14, 2023.
             Slain by a gnoll
             ... wielding a +0 whip
             ... led by a gnoll sergeant
              (9 damage)
             ... on level 6 of the Dungeon.
             The game lasted 00:11:17 (5865 turns).

Dadi the Arsonist (Deep Elf Conjurer)               Turns: 5865, Time: 00:11:18

Health: -4/61      AC:  4    Str:  4    XL:     8   Next: 41%
Magic:  13/17      EV: 12    Int: 26    God:
Gold:   294        SH:  0    Dex: 13    Spells: 6/17 levels left

rFire   + . .        h - +0 whip
rCold   . . .        (no shield)
rNeg    . . .        a - +0 robe
rPois   .            l - +0 helmet
rElec   .            (no cloak)
rCorr   .            d - +0 pair of gloves
SInv    .            (no boots)
Will    .....        n - amulet of faith Stlth
                     f - +4 ring of slaying
HPRegen 0.30/turn    r - ring of protection from fire
MPRegen 0.15/turn

%: faith
@: berserking, very quick
A: no striking features
a: no special abilities


You were on level 6 of the Dungeon.
You visited 1 branch of the dungeon, and saw 7 of its levels.

You collected 294 gold pieces.

Inventory:

Hand Weapons
 h - a +0 whip (weapon)
Armour
 a - a +0 robe (worn)
 d - a +0 pair of gloves (worn)
 l - a +0 helmet (worn)
Jewellery
 f - a +4 ring of slaying (left hand)
 j - a +6 ring of dexterity
 n - an amulet of faith (around neck)
 r - a ring of protection from fire (right hand)
 t - a +6 ring of strength
Wands
 g - a wand of mindburst (3)
 p - a wand of roots (6)
 s - a wand of flame (24)
Scrolls
 e - a scroll of torment {unknown}
 o - a scroll of identify {unknown}
Potions
 b - a potion of magic
 c - a potion of berserk rage
 i - a potion of resistance {unknown}
 k - a potion of curing
 m - a potion of degeneration {unknown}
 q - a potion of ambrosia {unknown}
 u - 2 potions of mutation {unknown}


   Skills:
 + Level 0.1 Fighting
 + Level 2.5 Dodging
 - Level 2.4 Stealth
 - Level 5.0 Spellcasting
 - Level 6.0 Conjurations
 + Level 9.9 Fire Magic


You had 6 spell levels left.
You knew the following spells:

 Your Spells              Type           Power      Damage    Failure   Level
a - Magic Dart            Conj           100%       1d8       1%          1
b - Searing Ray           Conj           74%        2d7       1%          2
c - Flame Wave            Conj/Fire      48%        2d12      3%          4
d - Sticky Flame          Conj/Fire      48%        2d7       3%          4

Your spell library contained the following spells:

 Spells                   Type           Power      Damage    Failure   Level
 Dazzling Flash           Conj/Hex       44%        N/A       7%          3
 Sting                    Tmut/Pois      24%        1d4       8%          1
 Mephitic Cloud           Conj/Pois/Air  16%        N/A       10%         3
 Call Imp                 Summ           12%        N/A       12%         2
 Cigotuvi's Dreadful Rot  Necr/Pois/Air  12%        N/A       12%         2
 Poisonous Vapours        Pois/Air       12%        N/A       12%         2
 Fulminant Prism          Conj/Hex       11%        3d9       22%         4
 Iskenderun's Mystic Bla  Conj/Tloc      22%        2d6       22%         4
 Olgreb's Toxic Radiance  Pois           6%         N/A       58%         4


Dungeon Overview and Level Annotations

Branches:
Dungeon (7/15)             Temple (0/1) D:6

Altars:
Uskayaw
Xom

Annotations:
D:6 Dowan, Duvessa, Maggie


Message History

The puff of frost hits you!
The magic dart hits the white imp but does no damage.
The white imp is almost dead.
The white imp gestures at you. The puff of frost hits you.
The magic dart hits the white imp but does no damage.
The white imp is almost dead.
The white imp gestures at you. The puff of frost hits you.
You are too injured to fight recklessly!
You are too injured to fight recklessly!
Aiming: Magic Dart (safe; 1% risk of failure)
Press: ? - help, Q - select action, (/) - cycle Shift-Dir - straight line, f/p - white imp
Aim: a white imp (almost dead, 100% to hit)
The magic dart hits the white imp but does no damage.
The white imp is almost dead.
Aiming: Magic Dart (safe; 1% risk of failure)
Press: ? - help, Q - select action, (/) - cycle Shift-Dir - straight line, f/p - white imp
Aim: a white imp (almost dead, 100% to hit)
The magic dart hits the white imp.
You kill the white imp!
You start resting.
Maggie is nearby!
You climb downwards.
The troll bites you! The troll misses you. The troll claws you!
* * * LOW HITPOINT WARNING * * *
The gnoll barely misses you.
There is a stone staircase leading up, spattered with blood here.
The troll bites you.
* * * LOW HITPOINT WARNING * * *
The troll barely misses you. The troll closely misses you.
You climb upwards.
Level annotation: Dowan, Duvessa, Maggie
There is a stone staircase leading down here.
Okay, then.
It was a potion of berserk rage.
A red film seems to cover your vision as you go berserk!
You feel yourself moving faster!
You feel mighty! The gnoll hits you with a +0 whip!
You die...

*,***,****,*,*
*,*,,,,,**,*,*
*,*,***,**,*,* *,,,*
*,,,,*,* ***,###,****,*
#####****##***,...,* *,*
.....,,,,....###.######.*
##########*#...g@T......*
#.....# ****#@#*******
#.....#######.#
####.............#
#........#########
..##.....# ##########


You could see Maggie, a troll and a gnoll.

Vanquished Creatures
  2 water moccasins
  A black bear (D:6)
  2 phantoms (D:4)
  2 wyvern zombies (D:5)
  A scorpion (D:4)
  A wyvern skeleton (D:5)
  2 howler monkeys
  A bullfrog zombie (D:5)
  4 hounds
  A centaur zombie (D:5)
  A bullfrog skeleton (D:5)
  2 iguanas
  Terence (D:3)
  4 orc wizards
  A killer bee zombie (D:5)
  A hound zombie (D:5)
  A gnoll (D:7)
  6 adders
  A shadow imp (D:7)
  2 white imps
  An ufetubus (D:5)
  An adder zombie (D:5)
  3 worms (D:2)
  6 dart slugs
  13 orcs
  10 bats
  3 endoplasms
  A giant cockroach (D:2)
  8 goblins
  5 hobgoblins
  8 jackals
  8 quokkas
  8 ball pythons
  2 frilled lizards
  6 kobolds
  4 rats
124 creatures vanquished.

Notes
Turn   | Place    | Note
-------+----------+-------------------------------------------
     0 | D:1      | Dadi the Deep Elf Conjurer began the quest for the Orb.
     0 | D:1      | Reached XP level 1. HP: 10/10 MP: 6/6
   351 | D:1      | Reached XP level 2. HP: 15/15 MP: 5/8
   534 | D:1      | Found a faded altar of an unknown god.
   534 | D:1      | Noticed a blizzard demon
   963 | D:2      | Reached skill level 5 in Conjurations
   963 | D:2      | Reached XP level 3. HP: 18/19 MP: 3/10
  1514 | D:2      | Reached XP level 4. HP: 24/24 MP: 5/12
  1618 | D:2      | Got the Compendium of Contaminated Causimancy
  1732 | D:2      | Learned a level 2 spell: Searing Ray
  1737 | D:2      | Learned a level 4 spell: Flame Wave
  1742 | D:2      | Learned a level 4 spell: Sticky Flame
  2105 | D:3      | Reached skill level 5 in Spellcasting
  2195 | D:3      | Noticed Terence
  2213 | D:3      | Killed Terence
  2214 | D:3      | Reached skill level 1 in Fire Magic
  2341 | D:3      | You fall into a shaft and drop 1 floor!
  2418 | D:4      | Noticed a phantom
  2456 | D:4      | Reached XP level 5. HP: 22/28 MP: 10/14
  2465 | D:4      | Reached skill level 2 in Fire Magic
  2598 | D:4      | Reached skill level 3 in Fire Magic
  2849 | D:4      | Killed a phantom
  2850 | D:4      | Reached skill level 4 in Fire Magic
  2850 | D:4      | Reached XP level 6. HP: 22/32 MP: 5/15
  3196 | D:4      | Noticed a +0 dagger
  3197 | D:4      | Noticed a +0 dagger
  3199 | D:4      | Found a hide-covered altar of Uskayaw.
  3419 | D:5      | Entered Level 5 of the Dungeon
  3479 | D:5      | Reached skill level 5 in Fire Magic
  3906 | D:5      | Reached skill level 6 in Fire Magic
  3906 | D:5      | Reached XP level 7. HP: 35/36 MP: 11/16
  4025 | D:5      | Reached skill level 7 in Fire Magic
  4626 | D:5      | Reached skill level 8 in Fire Magic
  4766 | D:4      | Reached XP level 8. HP: 14/41 MP: 1/17
  4941 | D:5      | Found a shimmering altar of Xom.
  5084 | D:6      | Noticed Duvessa
  5085 | D:6      | Noticed Dowan
  5226 | D:6      | Reached skill level 9 in Fire Magic
  5227 | D:5      | HP: 2/41 [poisoned by a water moccasin]
  5472 | D:6      | Noticed Maggie
  5787 | D:7      | Noticed a troll
  5865 | D:6      | Slain by a gnoll

Illustrated notes

Levels and vault maps discovered:
D:1:      sevenhm_arrival_forest_fort_small_3, layout_loops_ring,
          dreamdust_ecumenical_altar_sealed_demon
D:2:      layout_rooms, minmay_circled_x
D:3:      wad_woods_tower, layout_rooms, kennysheep_ying_yang, vehumet_statue,
          nicolae_figureground_pulse, uniq_terence
D:4:      layout_cave_pods, dancing_weapons_uskayaw
D:5:      layout_cave_pools, mainiacjoe_overflow_alcove_2, serial_undead,
          serial_undead_d, serial_undead_a, serial_undead_e, serial_undead_d
D:6:      layout_loops_ring, lemuel_round_altar, mainiacjoe_overflow_chevrons,
          mainiacjoe_overflow_brackets, minmay_temple_entry_mini_moons,
          uniq_edmund, uniq_duvessa, uniq_maggie
D:7:      layout_layer_cave, nicolae_overflow_crystal_walls,
          hellmonk_ghost_happy_afterlife, uniq_pikel

Skill      XL: |  1  2  3  4  5  6  7  8 |
---------------+-------------------------+-----
Spellcasting   | 4 5 |  5.0
Conjurations   | 5 6 |  6.0
Fire Magic     | 1 4 6 8 9 |  9.9
Fighting       | |  0.1
Dodging        | |  2.5
Stealth        | |  2.4

Action                     |  1- 3 |  4- 6 |  7- 9 || total
---------------------------+-------+-------+-------++-------
  Melee: Whip              |     6 |    22 |    26 ||    54
         Punch             |       |     1 |       ||     1
   Cast: Magic Dart        |    84 |   126 |    94 ||   304
         Searing Ray       |       |     7 |     5 ||    12
         Flame Wave        |       |       |     7 ||     7
    Use: Scroll            |       |       |     4 ||     4
         Potion            |       |       |     2 ||     2
 Armour: Robe              |     3 |    13 |    24 ||    40
  Dodge: Dodged            |     7 |    35 |    78 ||   120
